 Dungeon Crawl Stone Soup version 0.25.1-2-g60ff931df9 (webtiles) character file.

Game seed: 11200424959011212091

20213 Luthien the Thaumaturge (level 12, 0/72 HPs)
             Began as a Deep Elf Conjurer on Sept 5, 2020.
             Was an Elder of Vehumet.
             Shot with an arrow by a centaur warrior (25 damage)
             ... on level 13 of the Dungeon.
             The game lasted 01:12:40 (17303 turns).

Luthien the Thaumaturge (Deep Elf Conjurer)        Turns: 17303, Time: 01:12:41

Health: 0/72       AC: 10    Str:  5    XL:     12   Next: 43%
Magic:  27/30      EV: 14    Int: 32    God:    Vehumet [****..]
Gold:   316        SH:  0    Dex: 15    Spells: 9/35 levels left

rFire    . . .     SeeInvis .   C - +6 whip
rCold    . . .     Gourm    .   (no shield)
rNeg     . . .     Faith    .   M - +0 leather armour (curse)
rPois    +         Spirit   .   (no helmet)
rElec    .         Reflect  .   N - +0 cloak
rCorr    .         Harm     .   a - +2 pair of gloves
MR       +....                  e - +2 pair of boots
Stlth    +++.......             (no amulet)
HPRegen  0.22/turn              D - +6 ring of intelligence
MPRegen  0.22/turn              L - ring of poison resistance

@: no status effects
A: no striking features
a: Renounce Religion


You were on level 13 of the Dungeon.
You worshipped Vehumet.
Vehumet was greatly pleased with you.
You were very hungry.

You visited 3 branches of the dungeon, and saw 15 of its levels.
You visited 1 bazaar.

You collected 749 gold pieces.
You spent 433 gold pieces at shops.

Inventory:

Hand Weapons
 i - a +0 dagger
 w - the +4 hunting sling "Newtbane" {speed, +Inv Str+3 Int-3 Dex+6}
   (You found it on level 6 of the Dungeon)

   Attacks with this weapon are significantly faster.
   It affects your strength (+3).
   It affects your intelligence (-3).
   It affects your dexterity (+6).
   It lets you turn invisible.
 C - a +6 whip (weapon)
Missiles
 b - 296 stones (quivered)
 f - 151 sling bullets
 k - 75 poisoned darts
 A - 33 bolts
 B - 194 arrows
Armour
 a - a +2 pair of gloves (worn)
 e - a +2 pair of boots (worn)
 M - a cursed +0 leather armour (worn)
 N - a +0 cloak (worn)
Magical Staves
 Q - an uncursed staff of wizardry
Jewellery
 j - an uncursed ring of protection from fire
 q - an uncursed ring of protection from magic
 D - a +6 ring of intelligence (left hand)
 L - a ring of poison resistance (right hand)
Wands
 v - a wand of paralysis (10)
 E - a wand of random effects (26)
 G - a wand of flame (36)
Scrolls
 d - a scroll of vulnerability
 h - a scroll of brand weapon {unknown}
 l - a scroll of magic mapping
 m - 3 scrolls of enchant armour {unknown}
 p - a scroll of teleportation
 r - a scroll of immolation {unknown}
 x - 9 scrolls of remove curse
 y - a scroll of summoning {unknown}
 I - a scroll of fear {unknown}
 J - a scroll of random uselessness {unknown}
 P - a scroll of amnesia
Potions
 g - 3 potions of heal wounds
 n - 2 potions of haste {unknown}
 o - a potion of might {unknown}
 s - 5 potions of flight
 t - 3 potions of degeneration
 u - a potion of lignification {unknown}
 z - a potion of ambrosia {unknown}
 F - a potion of stabbing {unknown}
 H - a potion of mutation {unknown}
 K - a potion of magic {unknown}
 O - 2 potions of curing {unknown}
 S - a potion of cancellation {unknown}
Comestibles
 c - 14 rations


   Skills:
 + Level 7.1 Fighting
 + Level 5.3 Dodging
 + Level 6.3 Stealth
 + Level 12.1 Spellcasting
 + Level 10.9 Conjurations
 - Level 6.0 Hexes
 - Level 4.0 Translocations
 + Level 11.3 Fire Magic
 * Level 3.5 Earth Magic


You had 9 spell levels left.
You knew the following spells:

 Your Spells              Type           Power        Failure   Level  Hunger
a - Magic Dart            Conj           ####         1%          1    None
b - Searing Ray           Conj           ######       1%          2    None
i - Iskenderun's Mystic   Conj/Tloc      ######..     1%          4    None
p - Fulminant Prism       Conj/Hex       ######....   1%          4    None
A - Sandblast             Erth           #####.       1%          1    None
B - Inner Flame           Hex/Fire       ######..     1%          3    None
C - Mephitic Cloud        Conj/Pois/Air  #####...     1%          3    None
D - Ignite Poison         Fire/Tmut/Pois #####...     1%          3    None
E - Bolt of Magma         Conj/Fire/Erth ######....   1%          5    #......

Your spell library contained the following spells:

 Spells                   Type           Power        Failure   Level  Hunger
 Dazzling Flash           Conj/Hex       ######       1%          3    None
 Sting                    Tmut/Pois      ###.         4%          1    None
 Poisonous Vapours        Pois/Air       ###...       6%          2    None
 Olgreb's Toxic Radiance  Pois           ###.....     11%         4    None


Dungeon Overview and Level Annotations

Branches:
Dungeon (13/15)            Temple (1/1) D:5            Lair (1/6) D:11
    Orc: D:9-12      Vaults: D:13-14

Altars:
Ashenzari
Cheibriados
Dithmenos
Elyvilon
Fedhas
Gozag
Hepliaklqana
Kikubaaqudgha
Makhleb
Nemelex Xobeh
Okawaru
Qazlal
Ru
Sif Muna
Trog
Uskayaw
Vehumet
Wu Jian
Xom
Yredelemnul
Zin
The Shining One

Shops:
D:5 (   D:9 (

Annotations:
D:8 2 transporters, lepoulpe303's ghost, novice SpEE
D:10 Erolcha; Maggie
D:12 2 transporters, Jaiteiro's ghost, journeyman NaWr


Message History

Press: ? - help, v - describe, . - travel
Here: a centaur warrior, wielding a +0 longbow and quivering 6 arrows (moderately wounded)
The floor.
Unknown command.
Unknown command.
Unknown command.
Unknown command.
Unknown command.
Unknown command.
Unknown command.
Unknown command.
Unknown command.
Unknown command.
Unknown command.
Unknown command.
You feel much better.
The centaur warrior shoots an arrow.
The arrow hits you!
A two-headed ogre comes into view. It is wielding two +0 giant clubs.
The centaur warrior shoots an arrow.
The arrow hits you!!
You die...

######.........
#..............
#.............. .
#..###########. .c
#..# .# #..# ..#
#..# ...#
#..###########....#
#....@(((...c.....#
######............+
#............+
#....######..#
#....# ## #....#
#....# #...O#


You could see a centaur warrior and a two-headed ogre (wandering).

Vanquished Creatures
  2 two-headed ogres
  A queen ant (D:8)
  7 death yaks (D:11)
  Nergalle (D:11)
  An orc knight (D:12)
  2 ugly things (D:12)
  2 cyclopes
  A black mamba (D:11)
  A troll (D:12)
  A hippogriff (D:7)
  Sigmund (D:4)
  5 yaks (D:9)
  A wraith (D:11)
  5 vampire mosquitoes (D:12)
  A hungry ghost (D:12)
  Menkaure (D:7)
  19 soldier ants (D:8)
  2 acid dragons
  Duvessa (D:4)
  3 ice beasts
  10 orc warriors
  3 sky beasts
  5 ogres
  2 eyes of draining
  3 phantoms
  7 centaurs
  2 big kobolds (D:8)
  2 bullfrogs
  Dowan (D:4)
  A water moccasin zombie (D:12)
  A wyvern skeleton (D:7)
  3 scorpions
  4 killer bees (D:7)
  5 wights (D:12)
  5 crimson imps
  2 centaur zombies
  8 hounds
  3 centaur skeletons
  3 orc wizards
  7 orc priests
  2 jellies
  Crazy Yiuf (D:4)
  4 iguanas
  Terence (D:2)
  Jessica (D:3)
  A bullfrog skeleton (D:9)
  28 worker ants
  Robin (D:2)
  A howler monkey skeleton (D:7)
  A worker ant zombie (D:5)
  12 adders
  3 shadow imps
  An adder zombie (D:9)
  An adder skeleton (D:4)
  3 worms
  4 dart slugs
  6 leopard geckos
  44 orcs
  A bat (D:1)
  6 giant cockroaches
  10 goblins
  10 hobgoblins
  10 jackals
  17 kobolds
  4 quokkas
  2 ball pythons
  4 frilled lizards
  A quokka skeleton (D:7)
  A rat (D:2)
316 creatures vanquished.

Vanquished Creatures (others)
  99 fulminant prisms
99 creatures vanquished.

Grand Total: 415 creatures vanquished

Notes
Turn   | Place    | Note
-------+----------+-------------------------------------------
     0 | D:1      | Luthien the Deep Elf Conjurer began the quest for the Orb.
     0 | D:1      | Reached XP level 1. HP: 10/10 MP: 6/6
   318 | D:1      | Reached XP level 2. HP: 12/15 MP: 4/8
   322 | D:1      | Learned a level 2 spell: Searing Ray
  1197 | D:2      | Noticed Terence
  1251 | D:2      | Reached XP level 3. HP: 19/19 MP: 7/10
  1803 | D:3      | Noticed Jessica
  1836 | D:3      | Reached skill level 4 in Spellcasting
  1836 | D:3      | Reached skill level 5 in Conjurations
  1836 | D:3      | Reached XP level 4. HP: 24/24 MP: 7/12
  2003 | D:3      | Found a bloodstained altar of Trog.
  2028 | D:3      | Found an opulent altar of Gozag.
  2312 | D:4      | Noticed a phantom
  2325 | D:4      | Killed a phantom
  2325 | D:4      | Reached XP level 5. HP: 28/28 MP: 3/14
  2333 | D:4      | Learned a level 4 spell: Fulminant Prism
  2338 | D:4      | Learned a level 4 spell: Iskenderun's Mystic Blast
  2530 | D:4      | Noticed Sigmund
  2575 | D:4      | Noticed Dowan
  2575 | D:4      | Noticed Duvessa
  2598 | D:4      | Found a runed translucent door.
  2599 | D:4      | Noticed Crazy Yiuf
  2687 | D:5      | Entered Level 5 of the Dungeon
  2693 | D:4      | Reached XP level 6. HP: 26/32 MP: 9/15
  2695 | D:4      | Reached skill level 1 in Hexes
  3192 | D:5      | Reached skill level 5 in Spellcasting
  3194 | D:5      | Reached skill level 1 in Translocations
  3245 | D:5      | Found a staircase to the Ecumenical Temple.
  3254 | Temple   | Entered the Ecumenical Temple
  3318 | Temple   | Became a worshipper of Vehumet
  3518 | D:5      | Reached skill level 1 in Fighting
  3752 | D:5      | Reached XP level 7. HP: 38/38 MP: 5/16
  3947 | D:5      | Found Ziesm's Weapon Shop.
  3957 | D:5      | Reached skill level 5 in Stealth
  3958 | D:5      | Found a blossoming altar of Fedhas.
  4841 | D:6      | Got a pitted hunting sling
  4842 | D:6      | Identified the +4 hunting sling "Newtbane" {speed, +Inv
                  | Str+3 Int-3 Dex+6} (You found it on level 6 of the Dungeon)
  4977 | D:6      | Found a blossoming altar of Fedhas.
  5123 | D:7      | Reached skill level 5 in Dodging
  5229 | D:7      | Noticed a hippogriff
  5236 | D:7      | Killed a hippogriff
  5236 | D:7      | Reached skill level 6 in Spellcasting
  5236 | D:7      | Reached XP level 8. HP: 44/44 MP: 11/19
  5328 | D:7      | Found a shimmering blue altar of Sif Muna.
  5899 | D:7      | Reached * piety under Vehumet
  5899 | D:7      | Offered knowledge of Shock by Vehumet.
  6055 | D:7      | Noticed Menkaure
  6059 | D:7      | Killed Menkaure
  6323 | D:7      | Reached skill level 7 in Spellcasting
  6502 | D:7      | Reached skill level 5 in Hexes
  6889 | D:8      | Reached XP level 9. HP: 51/51 MP: 18/22
  7096 | D:8      | Found a transporter.
  7104 | D:8      | Noticed a cyclops
  7122 | D:8      | Found a bloodstained altar of Trog.
  7122 | D:8      | Identified the +5 great mace of the Warrior-Mage {flame,
                  | rElec MR++ Dex+2}
  7122 | D:8      | Noticed a two-headed ogre
  7131 | D:8      | Noticed lepoulpe303's ghost (novice SpEE)
  7239 | D:8      | Noticed a moth of wrath
  7260 | D:8      | Found a transporter.
  7634 | D:8      | Reached skill level 8 in Spellcasting
  7799 | D:8      | Offered knowledge of Sandblast by Vehumet.
  7885 | D:8      | Learned a level 1 spell: Sandblast
  7917 | D:8      | Reached ** piety under Vehumet
  7917 | D:8      | Reached skill level 9 in Spellcasting
  8080 | D:8      | Reached skill level 5 in Fighting
  8236 | D:8      | Reached XP level 10. HP: 58/59 MP: 15/25
  8557 | D:8      | Reached skill level 10 in Spellcasting
  8876 | D:8      | Noticed a queen ant
  8917 | D:8      | Killed a queen ant
  9534 | D:9      | Found a bloodstained altar of Trog.
  9690 | D:9      | Offered knowledge of Inner Flame by Vehumet.
  9690 | D:9      | Reached skill level 10 in Conjurations
  9696 | D:9      | Reached skill level 11 in Spellcasting
  9701 | D:9      | Learned a level 3 spell: Inner Flame
 10042 | D:9      | Found a shattered altar of Ashenzari.
 10043 | D:9      | Found a sparkling altar of Nemelex Xobeh.
 10069 | D:9      | Reached skill level 1 in Fire Magic
 10470 | D:9      | Found Mics's Antique Weapon Emporium.
 10525 | D:9      | Reached *** piety under Vehumet
 10600 | D:10     | Entered Level 10 of the Dungeon
 10605 | D:10     | Noticed Maggie
 10653 | D:10     | Noticed a cyclops
 10665 | D:10     | Killed a cyclops
 10795 | D:10     | Learned a level 3 spell: Mephitic Cloud
 10799 | D:10     | Learned a level 3 spell: Ignite Poison
 10870 | D:10     | Noticed Erolcha
 10988 | D:10     | Noticed a red ugly thing
 11389 | D:11     | Noticed Nergalle
 11401 | D:11     | Killed Nergalle
 11401 | D:11     | Reached XP level 11. HP: 12/66 MP: 9/28
 11591 | D:11     | Found a flickering gateway to a bazaar.
 11630 | Bazaar   | Entered a bazaar
 11630 | Bazaar   | Found Nodam's Antique Weapon Boutique.
 11634 | Bazaar   | Found Keiham's Magic Scroll Emporium.
 11638 | Bazaar   | Found Raodon's Jewellery Emporium.
 11651 | Bazaar   | Found Coeraez's General Store.
 11670 | Bazaar   | Found Cohiula's Antique Armour Shoppe.
 11760 | Bazaar   | Bought a pair of runed gloves for 142 gold pieces
 11787 | Bazaar   | Bought a scroll of amnesia for 38 gold pieces
 11787 | Bazaar   | Bought a scroll of remove curse for 33 gold pieces
 11787 | Bazaar   | Bought a scroll of identify for 22 gold pieces
 11787 | Bazaar   | Bought a scroll of identify for 22 gold pieces
 11810 | Bazaar   | Bought a scroll of amnesia for 56 gold pieces
 11810 | Bazaar   | Bought a scroll of vulnerability for 120 gold pieces
 12113 | D:4      | Killed Duvessa
 12116 | D:4      | Killed Dowan
 12117 | D:4      | Killed Sigmund
 12264 | D:4      | Noticed a two-headed ogre
 12270 | D:4      | Killed a two-headed ogre
 12830 | D:4      | Offered knowledge of Frozen Ramparts by Vehumet.
 12911 | D:4      | Killed Crazy Yiuf
 12978 | D:3      | Killed Jessica
 13568 | D:2      | Found a burning altar of Makhleb.
 13575 | D:2      | Noticed Robin
 13577 | D:2      | Killed Robin
 13698 | D:2      | Killed Terence
 14012 | D:11     | Found a staircase to the Lair.
 14026 | D:11     | Noticed a death yak
 14035 | D:11     | Killed a death yak
 14035 | D:11     | Reached skill level 5 in Fire Magic
 14406 | D:11     | Noticed a death yak
 14429 | D:11     | Noticed a death yak
 14439 | D:11     | Noticed a death yak
 14439 | D:11     | Noticed a death yak
 14442 | D:11     | Noticed a death yak
 14443 | D:11     | Killed a death yak
 14452 | D:11     | Killed a death yak
 14452 | D:11     | Killed a death yak
 14454 | D:11     | Killed a death yak
 14454 | D:11     | Reached **** piety under Vehumet
 14566 | D:11     | Noticed a death yak
 14573 | D:11     | Killed a death yak
 14586 | D:11     | Killed a death yak
 14807 | D:11     | Reached skill level 10 in Fire Magic
 15170 | Lair:1   | Entered Level 1 of the Lair of Beasts
 15515 | D:12     | Noticed a purple ugly thing
 15521 | D:12     | Reached XP level 12. HP: 71/71 MP: 21/29
 15521 | D:12     | Offered knowledge of Bolt of Magma by Vehumet.
 15522 | D:12     | Noticed a two-headed ogre
 15829 | D:12     | Killed a two-headed ogre
 15918 | D:12     | Learned a level 5 spell: Bolt of Magma
 16049 | D:12     | Reached skill level 1 in Earth Magic
 16229 | D:12     | Reached skill level 12 in Spellcasting
 16450 | D:12     | Found a transporter.
 16462 | D:12     | Noticed Jaiteiro's ghost (journeyman NaWr)
 16577 | D:12     | Found a transporter.
 17294 | D:13     | Noticed a centaur warrior
 17303 | D:13     | Noticed a two-headed ogre
 17303 | D:13     | Shot with an arrow by a centaur warrior

Illustrated notes

Levels and vault maps discovered:
D:1:      erik_arrival_orb_chamber, layout_basic
D:2:      layout_loops_ring, lemuel_doored_altar, uniq_robin, uniq_terence
D:3:      layout_rooms, bloody_trog, serial_bayou_ford_a,
          nicolae_gozag_seed_capital, uniq_jessica
D:4:      layout_basic, uniq_sigmund, uniq_duvessa, uniq_crazy_yiuf_cottage
D:5:      layout_loops_ring, minmay_temple_entry_arrows, serial_shops,
          nicolae_shop_trees, basic_altar, first_ration, serial_bayou_pond_e
D:6:      layout_basic, fedhas_altar_1
D:7:      layout_loops_ring, nicolae_overflow_crystal_walls, grunt_ogre_cave,
          uniq_menkaure
D:8:      layout_loops_cross, gammafunk_ghost_wrathful_warriors, minivault_29
D:9:      layout_stronghold, minitemple, serial_shops, shop, basic_altar
D:10:     layout_small_grid, orc_0_dummy, minmay_joined_circles, uniq_urug,
          uniq_erolcha, uniq_maggie
D:11:     layout_rooms, dpeg_lair_monsters, serial_shops, bzr_entry_dummy,
          hex_tiny, kennysheep_cross_room, uniq_nergalle
D:12:     layout_roguey [special_room_orc], gammafunk_ghost_berserking_beasts
D:13:     layout_irregular_city, drop_trap, grunt_decor_mini_mirrors
Temple:   minmay_crystal_spiral_temple
Lair:1:   layout_hall_layers, grunt_megastairs_5

Skill      XL: |  1  2  3  4  5  6  7  8  9 10 11 12 |
---------------+-------------------------------------+-----
Stealth        | 3 4 5 6 |  6.3
Dodging        | 3 4 5 |  5.3
Spellcasting   | 4 5 6 7 9 11 12 | 12.1
Conjurations   | 5 6 7 8 10 | 10.9
Hexes          | 1 3 5 6 |  6.0
Translocations | 1 2 4 |  4.0
Fighting       | 1 2 3 5 6 7 |  7.1
Fire Magic     | 3 10 11 | 11.3
Earth Magic    | 3 |  3.5

Action                   |  1- 3 |  4- 6 |  7- 9 | 10-12 || total
-------------------------+-------+-------+-------+-------++-------
Melee: Unarmed           |     6 |       |       |       ||     6
       Dagger            |       |    15 |       |       ||    15
       Whip              |       |       |       |     5 ||     5
 Cast: Magic Dart        |    59 |    40 |    82 |   168 ||   349
       Searing Ray       |     7 |    20 |    66 |    87 ||   180
       Iskenderun's Myst |       |     1 |       |     4 ||     5
       Fulminant Prism   |       |       |     7 |    94 ||   101
       Mephitic Cloud    |       |       |       |     1 ||     1
       Sandblast         |       |       |       |     1 ||     1
       Bolt of Magma     |       |       |       |     1 ||     1
Evoke: Wand              |       |       |       |     8 ||     8
  Use: Scroll            |       |       |     1 |    10 ||    11
       Potion            |       |       |       |     1 ||     1
  Eat: Chunk             |     2 |     6 |     7 |    17 ||    32
       Ration            |       |       |     2 |     3 ||     5
Armor: Robe              |     5 |    10 |     6 |     1 ||    22
       Leather armour    |       |       |     1 |    18 ||    19
Dodge: Dodged            |    13 |    32 |    47 |    69 ||   161
